 Dungeon Crawl Stone Soup version 0.17.1-3-g152610e (webtiles) character file.

165 Peloso the Covered (level 5, -3/47 HPs)
             Began as a Minotaur Fighter on Apr 17, 2016.
             Killed by nerve-wracking pain
             ... invoked by Grinder
              (6 damage)
             ... on level 4 of the Dungeon.
             The game lasted 00:03:22 (2455 turns).

Peloso the Covered (Minotaur Fighter)               Turns: 2455, Time: 00:03:22

Health: -3/47      AC: 10    Str: 26    XL:     5   Next: 21%
Magic:  4/4        EV:  8    Int:  5    God:
Gold:   108        SH: 10    Dex: 10    Spells: 0 memorised, 4 levels left

rFire  . . .     SeeInvis .     a - +0 long sword
rCold  . . .     Clarity  .     b - +0 scale mail
rNeg   . . .     SustAt   .     c - +0 shield
rPois  .         Gourm    .     (helmet restricted)
rElec  .         Spirit   .     q - +2 cloak
rCorr  .         Warding  .     (no gloves)
rMut   .         Stasis   .     (no boots)
MR     .....                    u - amulet of regeneration
Stlth  ..........               (no ring)
                                (no ring)

@: mighty, not resistant to hostile enchantments, extremely unstealthy
A: retaliatory headbutt, horns 2
a: no special abilities


You were on level 4 of the Dungeon.
You were not hungry.

You visited 1 branch of the dungeon, and saw 4 of its levels.

You collected 108 gold pieces.

Inventory:

Hand Weapons
 a - a +0 long sword (weapon)
Armour
 b - a +0 scale mail (worn)
 c - a +0 shield (worn)
 q - a +2 cloak (worn)
Jewellery
 u - an amulet of regeneration (around neck)
Wands
 o - a wand of flame (8)
 t - a wand of slowing (18)
Scrolls
 f - 2 scrolls of identify {unknown}
 g - a scroll of enchant weapon {unknown}
 h - 2 scrolls of fog {unknown}
 n - a scroll of enchant armour {unknown}
 v - a scroll of blinking {unknown}
Potions
 j - 2 potions of flight {unknown}
 k - 2 potions of mutation {unknown}
 l - a potion of degeneration {unknown}
 s - a potion of poison {unknown}
Comestibles
 e - 2 bread rations
 i - a meat ration
 m - a beef jerky
 p - a royal jelly
 r - 7 chunks of flesh


   Skills:
 + Level 4.5 Fighting
 + Level 3.4 Long Blades
 + Level 5.0 Armour
 + Level 1.5 Dodging
 + Level 4.5 Shields


You had 4 spell levels left.
You didn't know any spells.

Dungeon Overview and Level Annotations

Branches:
Dungeon (4/15)
 Temple: D:4-7

Altars:

Annotations:
D:4 Grinder


Innate Abilities, Weirdness & Mutations

You reflexively headbutt those who attack you in melee.
You have a pair of horns on your head.


Message History

Pain shoots through your body!
* * * LOW HITPOINT WARNING * * *
Grinder hits you!
* * * LOW HITPOINT WARNING * * *
You writhe in agony.
* * * LOW HITPOINT WARNING * * *
Grinder hits you.
* * * LOW HITPOINT WARNING * * *
Grinder hits you but does no damage.
You can move again.
You barely miss Grinder.
Grinder is moderately wounded.
You block Grinder's attack. Grinder closely misses you.
You furiously retaliate!
You headbutt Grinder!
Unknown command.
You completely miss Grinder.
Grinder is heavily wounded.
Grinder gestures at you. Pain shoots through your body!
You die...

#......#
#.####.# #.# #.#
#.# #.# #.# #.#
######## #.#
#.#######...)...
#.#
#.........######
#.##############
#...@5......
############


You could see Grinder.

Vanquished Creatures
  2 orc wizards (D:4)
  A worker ant (D:4)
  2 adders
  A worm (D:3)
  4 orcs
  A ball python (D:2)
  2 giant cockroaches
  2 goblins
  10 hobgoblins
  6 jackals
  6 kobolds
  4 bats
  2 giant newts
  2 quokkas (D:2)
  3 rats
48 creatures vanquished.

Notes
Turn   | Place    | Note
--------------------------------------------------------------
     0 | D:1      | Peloso the Minotaur Fighter began the quest for the Orb.
     0 | D:1      | Reached XP level 1. HP: 19/19 MP: 0/0
   193 | D:1      | Reached XP level 2. HP: 20/27 MP: 1/1
   196 | D:1      | Reached skill level 4 in Fighting
   747 | D:2      | Reached XP level 3. HP: 17/33 MP: 2/2
  2233 | D:3      | Reached XP level 4. HP: 40/40 MP: 3/3
  2373 | D:4      | Reached skill level 1 in Dodging
  2395 | D:4      | Reached XP level 5. HP: 40/47 MP: 4/4
  2418 | D:4      | Reached skill level 5 in Armour
  2434 | D:4      | Noticed Grinder
  2447 | D:4      | Paralysed by Grinder for 7 turns
  2451 | D:4      | HP: 2/47 [Grinder (2)]
  2455 | D:4      | Killed from afar by Grinder

Action                   |  1- 3 |  4- 6 || total
-------------------------+-------+-------++-------
Melee: Long sword        |   102 |    42 ||   144
  Use: Potion            |       |     1 ||     1
  Eat: Chunk             |     4 |     1 ||     5
